 Dungeon Crawl Stone Soup version 0.21-a0-444-g29a2fec (webtiles) character file.

100 namelastname112 the Sneak (level 4, -2/38 HPs)
             Began as a Gnoll Assassin on Nov 17, 2017.
             Was an Initiate of Dithmenos.
             Slain by namelastname112's ghost (6 damage)
             ... on level 3 of the Dungeon.
             The game lasted 00:02:39 (2105 turns).

namelastname112 the Sneak (Gnoll Assassin)          Turns: 2105, Time: 00:02:40

Health: -2/38      AC:  3    Str: 14    XL:     4   Next: 74%
Magic:  5/5        EV: 13    Int: 13    God:    Dithmenos [......]
Gold:   108        SH:  4    Dex: 17    Spells: 5/5 levels left

rFire    . . .     SeeInvis .   a - +2 dagger
rCold    . . .     Gourm    .   k - +0 buckler
rNeg     + . .     Faith    .   c - +0 robe
rPois    .         Spirit   .   (no helmet)
rElec    .         Reflect  .   d - +0 cloak
rCorr    .         Harm     .   (no gloves)
MR       .....                  (no boots)
Stlth    ++++......             (no amulet)
HPRegen  0.12/turn              i - ring of flight
MPRegen  0.09/turn              n - ring of positive energy

@: no status effects
A: distributed training, fangs 1, strong nose
a: Renounce Religion, Evoke Flight


You were on level 3 of the Dungeon.
You worshipped Dithmenos.
Dithmenos was noncommittal.
You were not hungry.

You visited 1 branch of the dungeon, and saw 3 of its levels.

You collected 108 gold pieces.

Inventory:

Hand Weapons
 a - a +2 dagger (weapon)
 b - a +0 blowgun
Missiles
 e - 8 poisoned needles
 f - 2 curare-tipped needles
Armour
 c - a +0 robe (worn)
 d - a +0 cloak (worn)
 k - a +0 buckler (worn)
Jewellery
 i - a ring of flight (left hand)
 m - an uncursed ring of fire
 n - a ring of positive energy (right hand)
Scrolls
 h - a scroll of enchant weapon {unknown}
 j - 2 scrolls of immolation {unknown}
 l - a scroll of enchant armour {unknown}
 q - 2 scrolls of identify {unknown}
 t - a scroll of remove curse {unknown}
 u - a scroll of fear {unknown}
 w - a scroll of teleportation {unknown}
 x - a scroll of magic mapping {unknown}
Potions
 p - a potion of ambrosia {unknown}
 r - a potion of flight {unknown}
 s - a potion of mutation {unknown}
 z - a potion of brilliance {unknown}
Comestibles
 g - 3 bread rations
 o - 3 fruits
 v - 3 meat rations


   Skills:
 + Level 4.6 Fighting
 + Level 4.6 Short Blades
 + Level 1.2 Long Blades
 + Level 1.2 Axes
 + Level 1.2 Maces & Flails
 + Level 1.2 Polearms
 + Level 1.2 Staves
 + Level 1.2 Slings
 + Level 1.2 Bows
 + Level 1.2 Crossbows
 + Level 4.6 Throwing
 + Level 1.2 Armour
 + Level 2.8 Dodging
 + Level 7.8 Stealth
 + Level 1.2 Shields
 + Level 1.2 Unarmed Combat
 + Level 1.2 Spellcasting
 + Level 1.0 Conjurations
 + Level 1.0 Hexes
 + Level 1.0 Charms
 + Level 1.0 Summonings
 + Level 1.0 Necromancy
 + Level 1.0 Translocations
 + Level 1.0 Transmutations
 + Level 1.0 Fire Magic
 + Level 1.0 Ice Magic
 + Level 1.0 Air Magic
 + Level 1.0 Earth Magic
 + Level 1.0 Poison Magic
 + Level 1.3 Invocations
 + Level 1.2 Evocations


You had 5 spell levels left.
You didn't know any spells.

Dungeon Overview and Level Annotations

Branches:
Dungeon (3/15)

Altars:
Dithmenos
Kikubaaqudgha
Makhleb
Xom

Annotations:
D:3 namelastname112's ghost, amateur GnAs


Innate Abilities, Weirdness & Mutations

Your experience applies equally to all skills.
You have very sharp teeth.
Your uncanny sense of smell can sniff out nearby items.


Message History

You completely miss namelastname112's ghost.
Namelastname112's ghost is almost destroyed.
For a moment, namelastname112's ghost blends into the shadows.
Namelastname112's ghost closely misses you.
You hit namelastname112's ghost but do no damage.
Namelastname112's ghost is almost destroyed.
You hit namelastname112's ghost.
Namelastname112's ghost is almost destroyed.
Namelastname112's ghost hits you.
* * * LOW HITPOINT WARNING * * *
You take 2 damage, and have 7/38 hp.
You miss namelastname112's ghost.
You bite namelastname112's ghost, but do no damage.
Namelastname112's ghost is almost destroyed.
Namelastname112's ghost hits you.
* * * LOW HITPOINT WARNING * * *
You take 3 damage, and have 4/38 hp.
Okay, then.
Namelastname112's ghost hits you.
You die...

#.####..........#
.........#######..#
.........# ### #..#
.........#######..#
....$....'W._..'.##
.........###.###.#
.........# #.# #.#
.........###+###.#
.......@W........#######
...........#..<.........
#########.###.##########
#.# #.# #.# #.# ######
#.# #.#####..... #.#
#.#.........
#.###.#.###.####
#.....#.# #.#


You could see namelastname112's ghost.

Vanquished Creatures
  3 adders
  2 worms
  3 dart slugs
  3 leopard geckos (D:2)
  A ball python (D:3)
  5 bats
  4 giant cockroaches
  9 goblins
  6 hobgoblins
  A jackal (D:2)
  A quokka (D:3)
  5 frilled lizards
  5 kobolds
  8 rats
56 creatures vanquished.

Notes
Turn   | Place    | Note
-------+----------+-------------------------------------------
     0 | D:1      | namelastname112 the Gnoll Assassin began the quest for the Orb.
     0 | D:1      | Reached XP level 1. HP: 20/20 MP: 1/1
   183 | D:1      | Reached XP level 2. HP: 26/26 MP: 2/2
  1048 | D:2      | Reached XP level 3. HP: 28/31 MP: 3/3
  1160 | D:2      | Reached skill level 1 in Invocations
  1365 | D:2      | Reached skill level 1 in Long Blades
  1365 | D:2      | Reached skill level 1 in Axes
  1365 | D:2      | Reached skill level 1 in Maces & Flails
  1365 | D:2      | Reached skill level 1 in Polearms
  1365 | D:2      | Reached skill level 1 in Staves
  1365 | D:2      | Reached skill level 1 in Slings
  1365 | D:2      | Reached skill level 1 in Bows
  1365 | D:2      | Reached skill level 1 in Crossbows
  1365 | D:2      | Reached skill level 1 in Armour
  1365 | D:2      | Reached skill level 1 in Shields
  1365 | D:2      | Reached skill level 1 in Unarmed Combat
  1365 | D:2      | Reached skill level 1 in Spellcasting
  1365 | D:2      | Reached skill level 1 in Evocations
  1370 | D:2      | Found a shimmering altar of Xom.
  1398 | D:2      | Reached XP level 4. HP: 31/38 MP: 5/5
  1522 | D:2      | Found an ancient bone altar of Kikubaaqudgha.
  1522 | D:2      | Found a shadowy altar of Dithmenos.
  1526 | D:2      | Became a worshipper of Dithmenos the Shadowed
  1774 | D:3      | Found a faded altar of an unknown god.
  1897 | D:3      | Reached skill level 1 in Conjurations
  1897 | D:3      | Reached skill level 1 in Hexes
  1897 | D:3      | Reached skill level 1 in Charms
  1897 | D:3      | Reached skill level 1 in Summonings
  1897 | D:3      | Reached skill level 1 in Necromancy
  1897 | D:3      | Reached skill level 1 in Translocations
  1897 | D:3      | Reached skill level 1 in Transmutations
  1897 | D:3      | Reached skill level 1 in Fire Magic
  1897 | D:3      | Reached skill level 1 in Ice Magic
  1897 | D:3      | Reached skill level 1 in Air Magic
  1897 | D:3      | Reached skill level 1 in Earth Magic
  1897 | D:3      | Reached skill level 1 in Poison Magic
  2033 | D:3      | Found a burning altar of Makhleb.
  2042 | D:3      | Noticed namelastname112's ghost (amateur GnAs)
  2105 | D:3      | Slain by namelastname112's ghost

Vault maps used:
D:1:      lightli_arrival_chessboard
D:2:      lemuel_crystal_altar, gammafunk_temple_overflow_wave,
          amethyst_killhole, minmay_tetromino_s2
D:3:      lemuel_doored_altar, tgw_trog, chequers_ecumenical_altar_simple

Skill      XL: |  1  2  3  4 |
---------------+-------------+-----
Invocations    | 1 |  1.3
Long Blades    | 1 |  1.2
Axes           | 1 |  1.2
Maces & Flails | 1 |  1.2
Polearms       | 1 |  1.2
Staves         | 1 |  1.2
Slings         | 1 |  1.2
Bows           | 1 |  1.2
Crossbows      | 1 |  1.2
Armour         | 1 |  1.2
Shields        | 1 |  1.2
Unarmed Combat | 1 |  1.2
Spellcasting   | 1 |  1.2
Evocations     | 1 |  1.2
Conjurations   | 1 |  1.0
Hexes          | 1 |  1.0
Charms         | 1 |  1.0
Summonings     | 1 |  1.0
Necromancy     | 1 |  1.0
Translocations | 1 |  1.0
Transmutations | 1 |  1.0
Fire Magic     | 1 |  1.0
Ice Magic      | 1 |  1.0
Air Magic      | 1 |  1.0
Earth Magic    | 1 |  1.0
Poison Magic   | 1 |  1.0
Fighting       | |  4.6
Short Blades   | |  4.6
Throwing       | |  4.6
Dodging        | |  2.8
Stealth        | |  7.8

Action                   |  1- 3 |  4- 6 || total
-------------------------+-------+-------++-------
Melee: Dagger            |   125 |    74 ||   199
       Bite              |     9 |     7 ||    16
 Stab: Sleeping          |     5 |    10 ||    15
  Eat: Chunk             |     2 |     2 ||     4
Armor: Robe              |    20 |     4 ||    24
Dodge: Dodged            |    80 |    21 ||   101
Block: Buckler           |    13 |    12 ||    25

Table legend:
 A = Spawn XP
 B = Non-spawn XP
 C = Spawn XP percentage of total XP
 D = Spawn monster count
 E = Non-spawn monster count
 F = Spawn count percentage of total count
 G = Total turns spent on level
                    A         B        C        D         E        F      G
               +---------+---------+-------+---------+---------+-------+---------
         Total |       0 |     144 |   0.0 |       0 |      56 |   0.0 |  2105
               +---------+---------+-------+---------+---------+-------+---------
           D:1 |       0 |      26 |   0.0 |       0 |      14 |   0.0 |  1003
           D:2 |       0 |      81 |   0.0 |       0 |      28 |   0.0 |   683
           D:3 |       0 |      37 |   0.0 |       0 |      14 |   0.0 |   419
               +---------+---------+-------+---------+---------+-------+---------
